 Dungeon Sprint DCSS version 0.27.1-34-g3ba077fa99 (webtiles) character file.

Game seed: 10001421620444044111

5876 Karpo the Ninja (level 10, 0/44 HPs)
             Began as a Spriggan Enchanter on Feb 10, 2022.
             Was a High Priest of Sif Muna.
             Slain by a demonic crawler (2 damage)
             ... in the Dungeon (Sprint I: "Red Sonja").
             The game lasted 00:34:38 (3824 turns).

Karpo the Ninja (Spriggan Enchanter)                Turns: 3824, Time: 00:34:39

Health: 0/44       AC:  2    Str:  4    XL:     10   Next: 52%
Magic:  12/20      EV: 21    Int: 20    God:    Sif Muna [*****.]
Gold:   600        SH:  0    Dex: 16    Spells: 1/21 levels left

rFire    . . .     SeeInvis +   l - +3 quick blade
rCold    . . .     Faith    .   (shield restricted)
rNeg     . . .     Spirit   .   b - +0 robe
rPois    .         Reflect  .   (helmet restricted)
rElec    .         Harm     .   (no cloak)
rCorr    .         Rampage  .   (gloves unavailable)
Will     +....     NoTele   +   (boots unavailable)
Stlth    ++++++++++             (no amulet)
HPRegen  0.14/turn              (no ring)
MPRegen  0.17/turn              (no ring)

@: very slightly contaminated, very quick
A: very small, no large weapons, unfitting armour, see invisible, speed 3
a: Renounce Religion, Channel Magic, Forget Spell, Divine Exegesis


You were in the Dungeon.
You worshipped Sif Muna.
Sif Muna was extremely pleased with you.
You visited 1 branch You collected 1591 gold pieces.
You spent 991 gold pieces at shops.

Inventory:

Hand Weapons
 a - a +1 dagger
 i - a +2 dagger of distortion
 l - a +3 quick blade (weapon)
Missiles
 j - 4 curare-tipped darts
Armour
 b - a +0 robe (worn)
Jewellery
 m - a ring of flight
Scrolls
 g - a scroll of magic mapping {unknown}
 h - a scroll of blinking
Potions
 c - 5 potions of curing
 d - 3 potions of heal wounds
 e - a potion of haste
 f - 4 potions of magic
 k - a potion of brilliance {unknown}


   Skills:
 - Level 13.0 Short Blades
 - Level 8.0 Dodging
 O Level 27 Stealth
 + Level 6.1 Spellcasting
 + Level 6.7 Hexes


You had one spell level left.
You knew the following spells:

 Your Spells              Type           Power      Damage    Failure   Level
a - Corona                Hex            35%        N/A       1%          1
b - Ensorcelled Hibernat  Hex/Ice        38%        N/A       4%          2
c - Confusing Touch       Hex            32%        N/A       1%          3
d - Dazzling Flash        Conj/Hex       38%        N/A       8%          3
e - Tukima's Dance        Hex            32%        N/A       1%          3
f - Invisibility          Hex            16%        N/A       71%         6
g - Static Discharge      Conj/Air       6%         N/A       16%         2

Your spell library contained the following spells:

 Spells                   Type           Power      Damage    Failure   Level
 Apportation              Tloc           12%        N/A       11%         1
 Freeze                   Ice            24%        1d5       11%         1
 Frozen Ramparts          Ice            12%        1d3       30%         3
 Vampiric Draining        Necr           3%         2d6       30%         3
 Airstrike                Air            3%         N/A       71%         4
 Hailstorm                Conj/Ice       6%         3d4       71%         4
 Alistair's Intoxication  Tmut/Pois      4%         N/A       96%         5
 Lightning Bolt           Conj/Air       3%         1d14      96%         5
 Maxwell's Capacitive Co  Air            3%         ∞         100%        8


Dungeon Overview and Level Annotations

Branches:
Dungeon (1/1)

Altars:
Cheibriados
Dithmenos
Elyvilon
Fedhas
Gozag
Hepliaklqana
Kikubaaqudgha
Makhleb
Nemelex Xobeh
Okawaru
Qazlal
Ru
Sif Muna
Trog
Uskayaw
Vehumet
Wu Jian
Xom
Yredelemnul
Zin
The Shining One
Jiyva
Lugonu

Shops:
D [?[(:[**(?*=!:*[*


Innate Abilities, Weirdness & Mutations

You are very small and have problems with some larger weapons.
You are too small for most types of armour.
You have supernaturally acute eyesight. (SInv)
You cover ground extremely quickly. (Speed+++)


Message History

Casting: Confusing Touch (safe; 1% risk of failure)
Confirm with . or Enter, or press ? or * to list all spells.
You can't see any susceptible monsters within range! (Use Z to cast anyway.)
Casting: Confusing Touch (safe; 1% risk of failure)
Confirm with . or Enter, or press ? or * to list all spells.
You don't know that spell.
Casting: Confusing Touch (safe; 1% risk of failure)
Confirm with . or Enter, or press ? or * to list all spells.
You miscast Static Discharge.
You are very lightly contaminated with residual magic.
Nothing appears to happen.
The demonic crawler closely misses you. The demonic crawler barely misses you.
The demonic crawler misses you.
Casting: Static Discharge (safe; 16% risk of failure)
Confirm with . or Enter, or press ? or * to list all spells.
You miscast Static Discharge.
Nothing appears to happen.
The demonic crawler closely misses you. The demonic crawler misses you.
The demonic crawler hits you! The demonic crawler misses you.
The demonic crawler closely misses you. The demonic crawler hits you!
Casting: Static Discharge (safe; 16% risk of failure)
Confirm with . or Enter, or press ? or * to list all spells.
You don't know that spell.
Casting: Static Discharge (safe; 16% risk of failure)
Confirm with . or Enter, or press ? or * to list all spells.
Some blue arcs ground themselves harmlessly.
The demonic crawler completely misses you.
The demonic crawler hits you. The demonic crawler barely misses you.
Casting: Static Discharge (safe; 16% risk of failure)
Confirm with . or Enter, or press ? or * to list all spells.
The air crackles with electrical energy.
The demonic crawler closely misses you. The demonic crawler hits you. x2
You barely miss the demonic crawler. The demonic crawler hits you!
* * * LOW HITPOINT WARNING * * *
The demonic crawler misses you.
The demonic crawler completely misses you.
You barely miss the demonic crawler. You hit the demonic crawler.
The demonic crawler is lightly wounded.
The demonic crawler closely misses you. The demonic crawler misses you.
The demonic crawler hits you.
You die...

##########################
#<.#..)..#.)'..#__#..'.).#
#.)'..#..'..#@s'^.'..#...##+#
#..#####'#####'#__####...s..#
#..####..#...#[####.§#####s.+
#..#__####..##§#§§≈§§#..# ##
#..#_____##'#_§'§§≈§§'§.#
#⌠⌠#_.∩..s+...§#≈≈§§§#..#
####_..__##_.#'##§#####'###
#_____###+#)#.§.)###.'.#
############.####'###(###.#


You could see a demonic crawler.

Vanquished Creatures
  2 centaur warriors (D)
  Sonja (D)
  A deep troll (D)
  An oklob plant (D)
  2 kobold demonologists (D)
  2 unseen horrors (D)
  A hornet (D)
  Sigmund (D)
  A slime creature (D)
  2 redbacks (D)
  A yak (D)
  2 floating eyes (D)
  7 necrophages (D)
  An ogre (D)
  8 jellies (D)
  Ijyb (D)
  2 ballistomycete spores (D)
36 creatures vanquished.

Vanquished Creatures (others)
  the Lernaean hydra (D)
  A deep elf master archer (D)
  2 merfolk sirens (D)
  A gargoyle (D)
  4 hornets (D)
9 creatures vanquished.

Grand Total: 45 creatures vanquished

Notes
Turn   | Place    | Note
-------+----------+-------------------------------------------
     0 | D        | Karpo the Spriggan Enchanter began the quest for the Orb.
     0 | D        | Reached XP level 1. HP: 9/9 MP: 5/5
     1 | D        | Noticed Ijyb
    16 | D        | Killed Ijyb
    17 | D        | Reached skill level 10 in Stealth
    17 | D        | Reached XP level 2. HP: 13/13 MP: 6/6
    95 | D        | Noticed an ogre
   100 | D        | Learned a level 2 spell: Ensorcelled Hibernation
   103 | D        | Killed an ogre
   104 | D        | Reached skill level 14 in Stealth
   104 | D        | Reached XP level 3. HP: 16/16 MP: 5/8
   104 | D        | Reached XP level 4. HP: 21/21 MP: 5/9
   147 | D        | Noticed Sigmund
   153 | D        | Learned a level 3 spell: Confusing Touch
   156 | D        | Killed Sigmund
   157 | D        | Reached skill level 18 in Stealth
   157 | D        | Reached XP level 5. HP: 24/24 MP: 10/10
   157 | D        | Reached XP level 6. HP: 28/28 MP: 11/11
   161 | D        | Learned a level 3 spell: Dazzling Flash
   172 | D        | Found a shimmering blue altar of Sif Muna.
   173 | D        | Found an ornate altar of the Wu Jian Council.
   174 | D        | Found a radiant altar of Vehumet.
   178 | D        | Became a worshipper of Sif Muna the Loreminder
   270 | D        | Found Fuwe's Magic Scroll Emporium.
   270 | D        | Found an ancient bone altar of Kikubaaqudgha.
   270 | D        | Found a hazy altar of Hepliaklqana.
   270 | D        | Found a hide-covered altar of Uskayaw.
   270 | D        | Found a basalt altar of Yredelemnul.
   270 | D        | Found an opulent altar of Gozag.
   270 | D        | Found a snail-covered altar of Cheibriados.
   270 | D        | Found a sacrificial altar of Ru.
   270 | D        | Found a shadowy altar of Dithmenos.
   270 | D        | Noticed a yak
   271 | D        | Found a stormy altar of Qazlal.
   271 | D        | Found a blossoming altar of Fedhas.
   271 | D        | Found a bloodstained altar of Trog.
   271 | D        | Found an iron altar of Okawaru.
   271 | D        | Found a glowing golden altar of the Shining One.
   271 | D        | Found a glowing silver altar of Zin.
   271 | D        | Found a white marble altar of Elyvilon.
   272 | D        | Killed a yak
   273 | D        | Reached skill level 20 in Stealth
   273 | D        | Found a sparkling altar of Nemelex Xobeh.
   278 | D        | Noticed Sonja
   281 | D        | Killed Sonja
   281 | D        | Reached * piety under Sif Muna
   282 | D        | Reached skill level 23 in Stealth
   282 | D        | Reached XP level 7. HP: 32/32 MP: 9/12
   282 | D        | Reached XP level 8. HP: 36/36 MP: 9/13
   322 | D        | Found Uribyar's Antique Armour Boutique.
   503 | D        | Noticed a deep troll
   507 | D        | Killed a deep troll
   508 | D        | Reached skill level 25 in Stealth
   523 | D        | Learned a level 3 spell: Tukima's Dance
   545 | D        | Found a viscous altar of Jiyva.
   545 | D        | Found a corrupted altar of Lugonu.
   545 | D        | Noticed a slime creature
   546 | D        | Found a burning altar of Makhleb.
   546 | D        | Found a shimmering altar of Xom.
   559 | D        | Killed a slime creature
   616 | D        | Noticed a kobold demonologist
   617 | D        | Noticed a kobold demonologist
   621 | D        | Reached ** piety under Sif Muna
   627 | D        | Noticed a rust devil
   629 | D        | Killed a kobold demonologist
   630 | D        | Reached skill level 26 in Stealth
   630 | D        | Reached XP level 9. HP: 21/39 MP: 1/14
   720 | D        | Noticed an ice devil
   724 | D        | Killed a kobold demonologist
   725 | D        | Reached skill level 27 in Stealth
  1004 | D        | Noticed a centaur warrior
  1005 | D        | Noticed a centaur warrior
  1007 | D        | Killed a centaur warrior
  1008 | D        | Killed a centaur warrior
  1008 | D        | Reached *** piety under Sif Muna
  1009 | D        | Reached skill level 10 in Short Blades
  1032 | D        | Noticed an oklob plant
  1034 | D        | Killed an oklob plant
  1035 | D        | Reached XP level 10. HP: 44/44 MP: 15/15
  1045 | D        | Found Qiarot's Armour Emporium.
  1072 | D        | Reached **** piety under Sif Muna
  1350 | D        | Reached ***** piety under Sif Muna
  1356 | D        | Received a gift from Sif Muna
  1357 | D        | Got Sif Muna's Grimoire of Sinister Bewitchment {god gift}
  1360 | D        | Reached skill level 5 in Hexes
  1423 | D        | Reached skill level 5 in Spellcasting
  1457 | D        | Received a gift from Sif Muna
  1458 | D        | Got Ynky's Collected Works on Glacial Weightlessness {god
                  | gift}
  1508 | D        | Found Edgheh's Antique Weapon Shoppe.
  1508 | D        | Found Woggem's Armour Shop.
  1508 | D        | Found Zurekow's Book Boutique.
  1510 | D        | Found Zamulim's Armour Emporium.
  1510 | D        | Found Wyta's General Store.
  1510 | D        | Found Doimesm's Assorted Antiques.
  1510 | D        | Found Hyrph's Weapon Boutique.
  1510 | D        | Found Moiv's Magic Scroll Emporium.
  1510 | D        | Found Duwian's Assorted Antiques.
  1510 | D        | Found Ogirchare's Jewellery Shoppe.
  1511 | D        | Found Nuanyoce's Distillery.
  1512 | D        | Found Zutaleno's General Store.
  1512 | D        | Found Goatov's Book Boutique.
  1513 | D        | Found Ypasch's Assorted Antiques.
  1540 | D        | Bought a book of Party Tricks for 420 gold pieces
  1547 | D        | Learned a level 6 spell: Invisibility
  1552 | D        | Bought a glowing quick blade for 396 gold pieces
  1563 | D        | Bought a ring of flight for 175 gold pieces
  2084 | D        | Killed a merfolk siren
  2240 | D        | Killed a merfolk siren
  2657 | D        | Killed a gargoyle
  2660 | D        | Killed the 27-headed Lernaean hydra
  2688 | D        | Killed a deep elf master archer
  3808 | D        | Learned a level 2 spell: Static Discharge
  3822 | D        | HP: 2/44 [demonic crawler (12)]
  3824 | D        | Slain by a demonic crawler

Illustrated notes

Levels and vault maps discovered:
D:        dungeon_sprint_1 [red_sonja_temple_1, red_sonja_temple_small_1]

Skill      XL: |  1  2  3  4  5  6  7  8  9 10 |
---------------+-------------------------------+-----
Stealth        | 10 14 18 23 26 27 | 27.0
Short Blades   | 12 13 | 13.0
Dodging        | 8 |  8.0
Spellcasting   | 6 |  6.1
Hexes          | 6 |  6.7

Action                   |  1- 3 |  4- 6 |  7- 9 | 10-12 || total
-------------------------+-------+-------+-------+-------++-------
Melee: Dagger            |    12 |     4 |    24 |    36 ||    76
       Quick blade       |       |       |       |    44 ||    44
 Cast: Ensorcelled Hiber |     1 |     3 |     7 |     4 ||    15
       Confusing Touch   |       |       |     2 |     9 ||    11
       Dazzling Flash    |       |       |     1 |     2 ||     3
       Static Discharge  |       |       |       |     2 ||     2
  Use: Potion            |     1 |       |       |       ||     1
 Stab: Sleeping          |     1 |     4 |     8 |    16 ||    29
       Confused          |       |       |     2 |     3 ||     5
       Distracted        |       |       |       |     2 ||     2
Armor: Robe              |       |       |       |     8 ||     8
Dodge: Dodged            |     7 |       |    19 |    80 ||   106
